 Dungeon Crawl Stone Soup version 0.30-a0-920-g7493c07aab (webtiles) character file.

Game seed: 2222035221442098159

566 cforsyth the Trooper (level 7, -4/55 HPs)
             Began as a Human Fighter on Mar 22, 2023.
             Killed by divine providence
             ... invoked by an orc priest
              (14 damage)
             ... on level 4 of the Dungeon.
             The game lasted 00:05:04 (3365 turns).

cforsyth the Trooper (Human Fighter)                Turns: 3365, Time: 00:05:05

Health: -4/55      AC:  8    Str: 23    XL:     7   Next: 59%
Magic:  7/7        EV:  6    Int: 11    God:
Gold:   291        SH:  8    Dex: 13    Spells: 6/6 levels left

rFire   . . .      SeeInvis .    a - +0 flail
rCold   . . .      Faith    .    o - +3 buckler "Muot" {rCorr Str+5 Int+3 Slay+3}
rNeg    . . .      Spirit   .    b - +0 scale mail
rPois   .          Reflect  .    (no helmet)
rElec   .          Rampage  .    (no cloak)
rCorr   +                        (no gloves)
Will    .....                    n - +0 pair of boots Stlth
                                 (no amulet)
HPRegen 0.29/turn                (no ring)
MPRegen 0.10/turn                (no ring)

@: constricted
A: no striking features
a: no special abilities


You were on level 4 of the Dungeon.
You visited 2 branches of the dungeon, and saw 5 of its levels.

You collected 291 gold pieces.

Inventory:

Hand Weapons
 a - a +0 flail (weapon)
Armour
 b - a +0 scale mail (worn)
 n - a +0 pair of boots (worn)
 o - the +3 buckler "Muot" (worn) {rCorr Str+5 Int+3 Slay+3}
   (You found it on level 2 of the Dungeon)

   Str:       It affects your strength (+5).
   Int:       It affects your intelligence (+3).
   Slay:      It affects your accuracy & damage with ranged weapons and melee
   (+3).
   rCorr:     It protects you from acid and corrosion.
Jewellery
 k - a ring of wizardry
 r - a ring of ice
Wands
 g - a wand of roots (4)
Scrolls
 e - a scroll of blinking
 h - a scroll of fear {unknown}
 j - a scroll of brand weapon {unknown}
 l - a scroll of poison
 p - a scroll of identify {unknown}
 q - a scroll of amnesia {unknown}
Potions
 d - a potion of might
 f - 2 potions of heal wounds
 i - a potion of curing
 m - a potion of brilliance {unknown}


   Skills:
 + Level 4.8 Fighting
 + Level 4.2 Maces & Flails
 + Level 4.7 Armour
 + Level 4.7 Shields


You had 6 spell levels left.
You didn't know any spells.
Your spell library contained the following spells:

 Spells                   Type           Power      Damage    Failure   Level
 Call Canine Familiar     Summ           0%         N/A       97%         3
 Portal Projectile        Hex/Tloc       0%         N/A       97%         3
 Leda's Liquefaction      Hex/Erth       0%         N/A       100%        4


Dungeon Overview and Level Annotations

Branches:
Dungeon (4/15)             Temple (1/1) D:4

Altars:
Ashenzari
Cheibriados
Dithmenos
Elyvilon
Fedhas
Gozag
Hepliaklqana
Kikubaaqudgha
Makhleb
Nemelex Xobeh
Qazlal
Ru
Trog
Vehumet
Xom
Zin


Message History

The orc priest is severely wounded.
The orc priest mumbles some strange prayers to Beogh against you.
Pain shoots through your body! You block something's attack.
The ball python bites you but does no damage.
The ball python barely misses you.
You are too injured to fight recklessly!
You are too injured to fight recklessly!
You are too injured to fight recklessly!
You are too injured to fight recklessly!
You are too injured to fight recklessly!
You are too injured to fight recklessly!
You are too injured to fight recklessly!
You barely miss the orc priest.
The orc priest is severely wounded.
You block the ball python's attack. The ball python closely misses you.
The orc priest hits you with a +0 club. Something hits you.
You hit the orc priest.
The orc priest is almost dead.
The ball python closely misses you. The ball python completely misses you.
The orc priest mumbles some strange prayers to Beogh against you.
Pain shoots through your body! Something hits you.
* * * LOW HITPOINT WARNING * * *
The ball python bites you but does no damage.
The ball python closely misses you. Something hits you.
* * * LOW HITPOINT WARNING * * *
The orc priest hits you but does no damage.
You closely miss the orc priest.
The orc priest is almost dead.
You block the ball python's attack. The ball python grabs you.
The ball python constricts you.
The orc priest hits you but does no damage.
Something hits you.
* * * LOW HITPOINT WARNING * * *
Unknown command.
You barely miss the orc priest.
The orc priest is almost dead.
You block the ball python's attack. The ball python constricts you.
The orc priest calls down the wrath of Beogh upon you.
Beogh smites you!
You die...

##....##.##.....###.### #.
#...##...##...##.....###. ##
#.⌠....>....⌠.##......... .######
#...##..†##...##......... ......#
#....##.##....##.....###† .####.#
#.##..#.#[.##.##.....# ..
...##.###..##.....##.........#...
.#..........##.).##..#####.......
.####.#####..#.S@#..# #.###...
.####.# ##...o{..# ##.####..
......# ###..##.# #...# ##.
####### ##....# #...# ### #.####
#...### ######.#####.#### #...o..
#...............######..s##### ##
#......##.##.##.#.....oo...... .#
#......##.............goo.....


You could see an orc priest and a ball python.

Vanquished Creatures
  A black bear (D:4)
  A phantom (D:4)
  2 scorpions
  A hound (D:4)
  An orc wizard (D:3)
  A gnoll (D:1)
  5 adders
  A worm (D:3)
  5 orcs
  6 ball pythons
  8 endoplasms
  A giant cockroach (D:1)
  8 goblins
  9 hobgoblins
  3 jackals (D:1)
  6 quokkas
  10 bats
  8 frilled lizards
  8 kobolds
  11 rats
96 creatures vanquished.

Vanquished Creatures (collateral kills)
  2 orc priests (D:4)
  4 orcs (D:4)
6 creatures vanquished.

Grand Total: 102 creatures vanquished

Notes
Turn   | Place    | Note
-------+----------+-------------------------------------------
     0 | D:1      | cforsyth the Human Fighter began the quest for the Orb.
     0 | D:1      | Reached XP level 1. HP: 18/18 MP: 1/1
    64 | D:1      | Reached XP level 2. HP: 7/24 MP: 2/2
   142 | D:1      | You fall into a shaft and drop 1 floor!
   492 | D:2      | Reached XP level 3. HP: 27/29 MP: 3/3
  1028 | D:1      | Reached XP level 4. HP: 19/35 MP: 4/4
  1165 | D:1      | Found a faded altar of an unknown god.
  1768 | D:2      | Identified the +3 buckler "Muot" {rCorr Str+5 Int+3 Slay+3}
  2192 | D:3      | Found a white marble altar of Elyvilon.
  2312 | D:3      | Reached XP level 5. HP: 42/42 MP: 5/5
  2586 | D:3      | Reached XP level 6. HP: 42/48 MP: 6/6
  2638 | D:3      | Noticed a moth of wrath
  2640 | D:3      | Found a bloodstained altar of Trog.
  2836 | D:4      | Noticed a black bear
  2966 | D:4      | Reached XP level 7. HP: 55/55 MP: 7/7
  3095 | D:4      | Found a staircase to the Ecumenical Temple.
  3109 | Temple   | Entered the Ecumenical Temple
  3365 | D:4      | Killed from afar by an orc priest

Illustrated notes

Levels and vault maps discovered:
D:1:      wander_arrival_fairy_ring, layout_basic,
          hellmonk_ecumenical_altar_run_dry, minmay_pentomino_q2
D:2:      layout_loops_corners, grunt_ministairs_2
D:3:      layout_basic, mainiacjoe_overflow_cross_hatched, tgw_trog,
          minmay_ruptured
D:4:      layout_loops_cross, minmay_temple_entry_waves, kennysheep_small_circle
Temple:   nicolae_temple_superstar

Skill      XL: |  1  2  3  4  5  6  7 |
---------------+----------------------+-----
Maces & Flails | 3 4 |  4.2
Fighting       | 4 |  4.8
Armour         | 4 |  4.7
Shields        | 4 |  4.7

Action                     |  1- 3 |  4- 6 |  7- 9 || total
---------------------------+-------+-------+-------++-------
  Melee: Flail             |   120 |   131 |    41 ||   292
    Use: Scroll            |       |     4 |       ||     4
         Potion            |       |     2 |       ||     2
 Armour: Scale mail        |    79 |    53 |    37 ||   169
  Dodge: Dodged            |    82 |    74 |    31 ||   187
  Block: Buckler           |    42 |    57 |    25 ||   124

Table legend: (Time is in decaauts)
 A = Elapsed time spent in this place.
 B = Non-inter-level travel time spent in this place.
 C = Inter-level travel time spent in this place.
 D = Time resting spent in this place.
 E = Time spent auto-exploring this place.
 F = Levels seen in this place.
 G = Mean time per level.
                   A        B        C        D        E       F      G
               +--------+--------+--------+--------+--------+-----+--------+
         Total |   3454 |   3351 |    103 |    177 |   2310 |   5 |  690.8 |
       Dungeon |   3371 |   3268 |    103 |    177 |   2310 |   4 |  842.8 |
        Temple |     83 |     83 |      0 |      0 |      0 |   1 |   83.0 |
               +--------+--------+--------+--------+--------+-----+--------+

Top non-repeatable levels by time:
     D:1: 1092 daAuts
     D:2: 960 daAuts
     D:3: 800 daAuts
     D:4: 518 daAuts
  Temple: 83 daAuts
